 Dungeon Crawl Stone Soup version 0.30.0-10-gfe55d96785 (webtiles) character file.

Game seed: 17054278344763994116

3164 qw the Cleaver (level 9, -1/56 HPs)
             Began as a Gargoyle Cinder Acolyte on May 17, 2023.
             Was a Believer of Ignis.
             Slain by a gnoll sergeant
             ... wielding a +0 spear
              (4 damage)
             ... on level 6 of the Dungeon.
             The game lasted 00:03:02 (6263 turns).

qw the Cleaver (Gargoyle Cinder Acolyte)            Turns: 6263, Time: 00:03:03

Health: -1/56      AC: 29    Str: 23    XL:     9   Next: 94%
Magic:  10/10      EV:  8    Int: 16    God:    Ignis [**....]
Gold:   296        SH:  9    Dex:  9    Spells: 10/10 levels left

rFire   + . .        Y - +0 war axe
rCold   + . .        g - +0 kite shield
rNeg    + . .        k - +0 chain mail
rPois   inf          a - +0 helmet
rElec   +            (no cloak)
rCorr   .            q - +0 pair of gloves
SInv    +            (no boots)
Will    +....        (no amulet) Stlth
                     o - ring of willpower
HPRegen 0.29/turn    e - ring "Olae" {rPois AC+4 Int+2 Dex+4 Stlth-}
MPRegen 0.12/turn

%: no passive effects
@: fiery-armoured
A: sickness immunity, AC +6, negative energy resistance 1, electricity
resistance, torment resistance 1, petrification resistance, see invisible, cold
resistance 1
a: Renounce Religion, Fiery Armour, Foxfire Swarm, Rising Flame


You were on level 6 of the Dungeon.
You worshipped Ignis.
Ignis was pleased with you.
You visited 1 branch of the dungeon, and saw 6 of its levels.

You collected 340 gold pieces.
You spent 44 gold pieces at shops.


Innate Abilities, Weirdness & Mutations

You are immune to sickness and miasma.
Your stone body is resilient. (AC +6)
You are immune to poison.
You resist negative energy. (rN+)
You are resistant to electric shocks. (rElec)
You are resistant to unholy torment.
You are immune to petrification.
You have supernaturally acute eyesight. (SInv)
Your flesh is cold resistant. (rC+)


   Skills:
 - Level 6.3 Fighting
 - Level 9.0 Axes
 - Level 1.7 Throwing
 - Level 4.8 Armour
 - Level 1.9 Dodging
 + Level 6.7 Shields
 - Level 1.0 Spellcasting
 - Level 3.0 Fire Magic


You had 10 spell levels left.
You didn't know any spells.
Your spell library contained the following spells:

 Spells                   Type           Power      Damage    Failure   Level
 Scorch                   Fire           20%        2d5       75%         2

Inventory:

Hand Weapons
 s - a -1 hand axe of flaming
 Y - a +0 war axe (weapon)
Missiles
 p - 8 boomerangs (quivered)
Armour
 a - a +0 helmet (worn)
 d - a +0 tower shield
 g - a +0 kite shield (worn)
 k - a +0 chain mail (worn)
 q - a +0 pair of gloves (worn)
Jewellery
 e - the ring "Olae" (right hand) {rPois AC+4 Int+2 Dex+4 Stlth-}
   (You acquired it on level 4 of the Dungeon)

   [ring of protection]

   AC:        It affects your AC (+4).
   Int:       It affects your intelligence (+2).
   Dex:       It affects your dexterity (+4).
   rPois:     It protects you from poison.
   Stlth:     It makes you less stealthy.
 o - a ring of willpower (left hand)
Scrolls
 b - 2 scrolls of identify
Potions
 c - 4 potions of curing
 f - a potion of cancellation
 h - 3 potions of mutation
 j - 2 potions of brilliance {unknown}
 m - a potion of magic {unknown}
 n - a potion of might

Dungeon Overview and Level Annotations

Branches:
Dungeon (6/15)             Temple (0/1) D:5

Altars:
Ru
Trog

Shops:
D:3 !   D:5 :


Message History

The gnoll sergeant hits you but does no damage.
The gnoll sergeant barely misses you.
The gnoll bouda hits you but does no damage.
The gnoll bouda is burned by your cloak of flames.
The gnoll bouda is severely wounded.
You hit the gnoll bouda.
The gnoll bouda is almost dead.
You barely miss the gnoll bouda. You slash the gnoll!
Your attacks no longer feel as feeble.
You block the gnoll's attack. You block the gnoll bouda's attack.
The gnoll sergeant hits you from afar with a +0 spear.
The gnoll bouda barely misses you. You block the gnoll sergeant's attack.
You hit the gnoll bouda but do no damage.
The gnoll bouda is almost dead.
You hit the gnoll bouda. You closely miss the gnoll.
The gnoll hits you but does no damage.
The gnoll is burned by your cloak of flames.
You kill the gnoll!
The gnoll bouda hits you with a +0 whip.
The gnoll bouda is burned by your cloak of flames.
The gnoll bouda is moderately wounded.
You block the gnoll sergeant's attack. The gnoll bouda closely misses you.
The gnoll sergeant hits you from afar with a +0 spear.
You hit the gnoll bouda.
You kill the gnoll bouda!
You hit the gnoll bouda but do no damage.
The gnoll bouda closely misses you.
You block the gnoll sergeant's attack. x2
You slash the gnoll bouda!
You kill the gnoll bouda!
You block the gnoll sergeant's attack.
The gnoll sergeant hits you but does no damage.
The gnoll sergeant hits you but does no damage.
The gnoll sergeant is burned by your cloak of flames.
The gnoll sergeant is lightly wounded.
The gnoll sergeant barely misses you.
You completely miss the gnoll sergeant.
The gnoll sergeant is lightly wounded.
You hit the gnoll sergeant.
The gnoll sergeant hits you with a +0 spear.
You die... ####.# #......#.#. ###.####......#.#. #.....##.....##.#. #.#....#.....##... #.##....#########. 7.7##...# #. 77.77#...#########. 7)))7##..[..##..... 7)@)7

#####.##.#### 7.gg..7
#......# 7)..7.7
#..#.#.# 7..7....7
###..#.#.#
7........)7#......#.#
7.###'###.7#....###.#
7. .?.. .7####.###.#
7 ..... 7 #.....#
#######


You could see 2 gnoll sergeants.

Vanquished Creatures
  Prince Ribbit (D:5)
  Sigmund (D:2)
  Eustachio (D:5)
  A water moccasin (D:5)
  2 ice beasts
  2 black bears
  5 ogres
  2 phantoms
  A bullfrog (D:6)
  3 gnoll sergeants (D:6)
  4 scorpions
  3 wights (D:6)
  7 jellies
  A howler monkey (D:5)
  2 orc priests
  7 hounds
  3 gnoll boudas
  2 sleepcaps
  2 iguanas
  Ijyb (D:5)
  An orc wizard (D:5)
  Robin (D:2)
  3 gnolls (D:6)
  9 adders
  A shadow imp (D:5)
  3 white imps
  2 ufetubi (D:5)
  2 worms
  2 dart slugs (D:1)
  18 orcs
  4 ball pythons
  5 bats
  2 endoplasms
  5 giant cockroaches
  13 goblins
  6 hobgoblins
  10 jackals
  6 kobolds
  2 quokkas
  3 frilled lizards
  2 rats (D:1)
151 creatures vanquished.

Notes
Turn   | Place    | Note
-------+----------+-------------------------------------------
     0 | D:1      | qw the Gargoyle Cinder Acolyte began the quest for the Orb.
     0 | D:1      | Reached XP level 1. HP: 14/14 MP: 2/2
     0 | D:1      | 0 ||| qw: Version: 0.2-a-95-g206ef33
     0 | D:1      | 0 ||| qw: Game counter: 172
     0 | D:1      | 0 ||| qw: Always use a shield: true
     0 | D:1      | 0 ||| qw: God list: Okawaru
     0 | D:1      | 0 ||| qw: Allow faded altars: false
     0 | D:1      | 0 ||| qw: Do Orc after D:15 true
     0 | D:1      | 0 ||| qw: Do second Lair branch before Depths: true
     0 | D:1      | 0 ||| qw: Lair rune preference: random
     0 | D:1      | 0 ||| qw: Plans: Normal
     0 | D:1      | 0 ||| PLANNING D:1-11
    31 | D:1      | 31 ||| Stepping ~*~*~tactically~*~*~ (hiding).
   160 | D:1      | Reached skill level 3 in Axes
   163 | D:1      | 163 ||| UPGRADING to +0 ring mail.
   173 | D:1      | 173 ||| Stepping ~*~*~tactically~*~*~ (water).
   180 | D:1      | Reached XP level 2. HP: 16/19 MP: 3/3
   191 | D:1      | 191 ||| DROPPING +0 robe.
   404 | D:1      | Found a faded altar of an unknown god.
   630 | D:1      | 630 ||| Stepping ~*~*~tactically~*~*~ (hiding).
   695 | D:1      | Reached XP level 3. HP: 18/23 MP: 4/4
   868 | D:1      | 868 ||| READING scroll labelled MAIFIO NUDWOI.
   869 | D:1      | 869 ||| READING scroll labelled BACLAMEURO.
   870 | D:1      | 870 ||| READING scroll labelled IBYTEM MUDAQUF.
   871 | D:1      | 871 ||| DRINKING 2 pink potions.
   976 | D:1      | 976 ||| DROPPING potion of berserk rage.
   989 | D:2      | 989 ||| STAIRDANCE
  1008 | D:2      | Reached skill level 4 in Axes
  1013 | D:2      | Noticed Robin
  1014 | D:2      | 1014 ||| STAIRDANCE
  1034 | D:2      | Noticed Sigmund
  1036 | D:2      | 1036 ||| INVOKING Fiery Armour.
  1037 | D:2      | 1037 ||| STAIRDANCE
  1062 | D:2      | Killed Robin
  1063 | D:2      | Reached skill level 1 in Armour
  1069 | D:2      | Reached XP level 4. HP: 21/28 MP: 5/5
  1069 | D:2      | Killed Sigmund
  1070 | D:2      | Reached skill level 5 in Axes
  1070 | D:2      | Reached XP level 5. HP: 25/32 MP: 6/6
  1406 | D:2      | 1406 ||| UPGRADING to +0 helmet.
  1411 | D:2      | 1411 ||| READING scroll labelled AXKEKHL IHEMIW.
  1412 | D:2      | 1412 ||| DRINKING 3 green potions.
  1413 | D:2      | 1413 ||| DRINKING 3 bubbling pink potions.
  1763 | D:3      | Reached XP level 6. HP: 28/39 MP: 7/7
  1884 | D:3      | Found a bloodstained altar of Trog.
  2129 | D:3      | Found Omoywe Omyr's Distillery.
  2136 | D:3      | 2136 ||| SHOPLISTING potion of haste (110 gold, have 88).
  2136 | D:3      | 2136 ||| BUYING potion of might (44 gold).
  2136 | D:3      | Bought a potion of might for 44 gold pieces
  2136 | D:3      | 2136 ||| SHOPLISTING potion of mutation (88 gold, have 44).
  2485 | D:3      | 2485 ||| UPGRADING to +0 chain mail.
  2495 | D:3      | 2495 ||| DROPPING +0 ring mail.
  2528 | D:3      | 2528 ||| UPGRADING to ring of willpower.
  2534 | D:3      | 2534 ||| READING scroll labelled SOAT RETWOTA.
  2535 | D:3      | 2535 ||| READING scroll labelled CIPELOSAXZIE.
  2536 | D:3      | 2536 ||| DRINKING 2 fizzy purple potions.
  2586 | D:3      | 2586 ||| DRINKING 2 inky potions.
  2587 | D:3      | 2587 ||| DROPPING potion of lignification.
  2634 | D:4      | 2634 ||| INVOKING Fiery Armour.
  2642 | D:4      | Reached skill level 3 in Armour
  2938 | D:4      | 2938 ||| Stepping ~*~*~tactically~*~*~ (hiding).
  2947 | D:4      | 2947 ||| INVOKING Fiery Armour.
  2948 | D:4      | HP: 2/39 [orc priest/divine providence (12)]
  2949 | D:4      | 2949 ||| DRINKING 2 potions of heal wounds.
  2951 | D:4      | Reached XP level 7. HP: 34/44 MP: 8/8
  2982 | D:4      | 2982 ||| Stepping ~*~*~tactically~*~*~ (stealth).
  3082 | D:4      | Reached skill level 6 in Axes
  3169 | D:4      | 3169 ||| INVOKING Fiery Armour.
  3171 | D:4      | HP: 7/44 [ogre/+0 giant club (8)]
  3172 | D:4      | 3172 ||| DRINKING potion of heal wounds.
  3646 | D:4      | Reached skill level 7 in Axes
  3812 | D:4      | 3812 ||| READING scroll labelled YSTIFRU ETTA.
  3813 | D:4      | 3813 ||| READING scroll labelled ZUULIENIMP.
  3814 | D:4      | 3814 ||| READING scroll labelled QUNIT DYITA.
  3814 | D:4      | Identified a scroll of acquirement
  3814 | D:4      | 3814 ||| ACQUIRING ring "Olae" {rPois AC+4 Int+2 Dex+4
                  | Stlth-}
  3814 | D:4      | Acquired the ring "Olae" {rPois AC+4 Int+2 Dex+4 Stlth-}
  3816 | D:4      | 3816 ||| UPGRADING to ring "Olae" {rPois AC+4 Int+2 Dex+4
                  | Stlth-}.
  3817 | D:4      | 3817 ||| READING scroll labelled KAF DIORHOQIRO.
  3820 | D:4      | 3820 ||| READING scroll labelled MEPO ZIUFYAMEGH.
  3845 | D:5      | Entered Level 5 of the Dungeon
  3974 | D:5      | Reached skill level 1 in Dodging
  3974 | D:5      | Reached XP level 8. HP: 25/48 MP: 9/9
  4110 | D:5      | 4110 ||| Stepping ~*~*~tactically~*~*~ (stealth).
  4111 | D:5      | 4111 ||| Stepping ~*~*~tactically~*~*~ (stealth).
  4120 | D:5      | 4120 ||| INVOKING Fiery Armour.
  4215 | D:5      | Found Qehiedwo's Book Emporium.
  4223 | D:5      | 4223 ||| READING 2 scrolls of identify.
  4223 | D:5      | 4223 ||| IDENTIFYING blue potion
  4271 | D:5      | 4271 ||| INVOKING Fiery Armour.
  4273 | D:5      | Reached skill level 1 in Throwing
  4308 | D:5      | Reached skill level 8 in Axes
  4322 | D:5      | HP: 11/50 [white imp/puff of frost (6)]
  4330 | D:5      | HP: 10/50 [worm (3)]
  4338 | D:5      | Reached skill level 6 in Fighting
  4356 | D:5      | 4356 ||| Stepping ~*~*~tactically~*~*~ (stealth).
  4445 | D:5      | Noticed Prince Ribbit
  4458 | D:5      | 4458 ||| INVOKING Fiery Armour.
  4465 | D:5      | HP: 12/51 [Prince Ribbit (9)]
  4468 | D:5      | HP: 1/51 [Prince Ribbit (11)]
  4471 | D:5      | Killed Prince Ribbit
  4751 | D:5      | Reached XP level 9. HP: 52/55 MP: 10/10
  4754 | D:5      | 4754 ||| Stepping ~*~*~tactically~*~*~ (stealth).
  4779 | D:5      | Noticed Eustachio
  4801 | D:5      | Killed Eustachio
  4804 | D:5      | Found a sacrificial altar of Ru.
  4879 | D:5      | Found a staircase to the Ecumenical Temple.
  4928 | D:5      | 4928 ||| Stepping ~*~*~tactically~*~*~ (stealth).
  4930 | D:5      | 4930 ||| Stepping ~*~*~tactically~*~*~ (hiding).
  4936 | D:5      | 4936 ||| INVOKING Fiery Armour.
  4951 | D:5      | 4951 ||| Stepping ~*~*~tactically~*~*~ (stealth).
  4963 | D:5      | 4963 ||| SWAPPING to +0 war axe.
  4992 | D:5      | Noticed Ijyb
  5002 | D:5      | Killed Ijyb
  5209 | D:5      | Reached skill level 9 in Axes
  5432 | D:5      | 5432 ||| UPGRADING to +0 kite shield.
  5437 | D:5      | 5437 ||| UPGRADING to +0 pair of gloves.
  5442 | D:5      | 5442 ||| READING scroll labelled XOECKE CILI.
  5443 | D:5      | 5443 ||| DRINKING 3 sapphire potions.
  5443 | D:5      | Gained mutation: You have supernaturally acute eyesight.
                  | (SInv) [potion of mutation]
  5443 | D:5      | Gained mutation: Your flesh is cold resistant. (rC+)
                  | [potion of mutation]
  5444 | D:5      | 5444 ||| DRINKING 2 viscous clear potions.
  5445 | D:5      | 5445 ||| READING 2 scrolls of identify.
  5445 | D:5      | 5445 ||| IDENTIFYING orange potion
  5446 | D:5      | 5446 ||| DROPPING potion of degeneration.
  5447 | D:5      | 5447 ||| DROPPING potion of invisibility.
  5448 | D:5      | 5448 ||| DROPPING potion of flight.
  5483 | D:6      | 5483 ||| Stepping ~*~*~tactically~*~*~ (stealth).
  5485 | D:6      | 5485 ||| Stepping ~*~*~tactically~*~*~ (hiding).
  5491 | D:6      | 5491 ||| INVOKING Fiery Armour.
  5497 | D:6      | Reached skill level 1 in Shields
  5696 | D:6      | 5696 ||| Stepping ~*~*~tactically~*~*~ (stealth).
  5697 | D:6      | 5697 ||| Stepping ~*~*~tactically~*~*~ (stealth).
  5741 | D:6      | Reached skill level 3 in Shields
  6244 | D:6      | 6244 ||| INVOKING Fiery Armour.
  6247 | D:6      | Reached skill level 6 in Shields
  6256 | D:6      | HP: 13/56 [gnoll sergeant/+0 spear (10)]
  6259 | D:6      | HP: 2/56 [gnoll sergeant/+0 spear (5)]
  6263 | D:6      | Slain by a gnoll sergeant

Levels and vault maps discovered:
D:1:      co_arrival_square_in_a_square_in_a_square, layout_basic,
          hellmonk_ecumenical_altar_slurped_away, minivault_4
D:2:      cheibrodos_old_hovel, layout_rooms, uniq_sigmund, uniq_robin
D:3:      layout_basic, lightli_temple_of_fire, serial_shops, nicolae_shop_stone
D:4:      layout_gridville, hangedman_decor_points, chequers_garden
D:5:      layout_loops_corners, nicolae_ru_great_annihilating_truth,
          minmay_temple_entry_glassed_door, serial_shops, shop_fountains,
          minmay_joined_circles, uniq_prince_ribbit1, uniq_ijyb, uniq_eustachio
D:6:      layout_loops_cross, pf_guarded_unrand_woodcutter

Skill      XL: |  1  2  3  4  5  6  7  8  9 |
---------------+----------------------------+-----
Axes           | 3 4 5 7 8 9 |  9.0
Armour         | 1 3 4 |  4.8
Fighting       | 4 6 |  6.3
Dodging        | 1 |  1.9
Throwing       | 1 |  1.7
Shields        | 6 |  6.7
Spellcasting   | |  1.0
Fire Magic     | |  3.0

Action                     |  1- 3 |  4- 6 |  7- 9 || total
---------------------------+-------+-------+-------++-------
  Melee: Hand axe          |    97 |   117 |   236 ||   450
         Punch             |       |       |     6 ||     6
         War axe           |       |       |   126 ||   126
  Throw: Boomerang         |       |       |    52 ||    52
 Invoke: Fiery Armour      |     1 |     2 |     7 ||    10
    Use: Scroll            |     3 |     3 |     8 ||    14
         Potion            |     1 |     5 |     3 ||     9
   Stab: Paralysed         |       |       |     1 ||     1
 Armour: Ring mail         |    46 |    24 |       ||    70
         Robe              |     2 |       |       ||     2
         Skin              |     1 |       |       ||     1
         Chain mail        |       |    40 |   208 ||   248
  Dodge: Dodged            |    54 |    62 |   141 ||   257
  Block: Kite shield       |       |       |    55 ||    55

Table legend:
 A = Non-vault XP
 B = Vault XP
 C = Vault XP percentage of total XP
 D = Non-vault monster count
 E = Vault monster count
 F = Vault count percentage of total count
                 A         B        C        D         E       F
            +---------+---------+-------+---------+---------+-------
      Total |    2815 |    1705 |  37.7 |     107 |      44 |  29.1
            +---------+---------+-------+---------+---------+-------
        D:1 |      48 |       4 |   7.7 |      19 |       2 |   9.5
        D:2 |      16 |     183 |  92.0 |       3 |      13 |  81.2
        D:3 |     117 |       0 |   0.0 |      14 |       0 |   0.0
        D:4 |     725 |       0 |   0.0 |      25 |       0 |   0.0
        D:5 |     875 |    1136 |  56.5 |      28 |      21 |  42.9
        D:6 |    1034 |     382 |  27.0 |      18 |       8 |  30.8
            +---------+---------+-------+---------+---------+-------
